 Dungeon Crawl Stone Soup version 0.28.0 (webtiles) character file.

Game seed: 17956951277891969197

48 Ayyar the Grasshopper (level 3, -2/31 HPs)
             Began as a Gnoll Warper on Apr 23, 2022.
             Was a Follower of Qazlal.
             Slain by a gnoll (8 damage)
             ... on level 2 of the Dungeon.
             The game lasted 00:03:05 (1322 turns).

Ayyar the Grasshopper (Gnoll Warper)                Turns: 1322, Time: 00:03:06

Health: -2/31      AC:  3    Str: 12    XL:     3   Next: 72%
Magic:  9/9        EV: 12    Int: 12    God:    Qazlal [*.....]
Gold:   55         SH:  2    Dex: 11    Spells: 10/12 levels left

rFire   . . .      SeeInvis .   a - +0 hand axe
rCold   . . .      Faith    +   (no shield)
rNeg    . . .      Spirit   .   b - +0 leather armour
rPois   .          Reflect  .   (no helmet)
rElec   .          Harm     .   (no cloak)
rCorr   .          Rampage  .   (no gloves)
Will    .....                   (no boots)
Stlth   +.........              g - amulet of faith
HPRegen 0.10/turn               (no ring)
MPRegen 0.11/turn               (no ring)

@: no status effects
A: fangs 1, strong nose, distributed training
a: Renounce Religion


You were on level 2 of the Dungeon.
You worshipped Qazlal.
Qazlal was aware of your devotion.
You visited 1 branch of the dungeon, and saw 2 of its levels.

You collected 55 gold pieces.

Inventory:

Hand Weapons
 a - a +0 hand axe (weapon)
Missiles
 d - 5 boomerangs of dispersal
 f - 5 poisoned darts (quivered)
Armour
 b - a +0 leather armour (worn)
Jewellery
 g - an amulet of faith (around neck)
Scrolls
 c - a scroll of blinking
Potions
 e - a potion of curing {unknown}


   Skills:
 + Level 4.5 Fighting
 + Level 0.9 Short Blades
 + Level 0.9 Long Blades
 + Level 4.5 Axes
 + Level 0.9 Maces & Flails
 + Level 0.9 Polearms
 + Level 0.9 Staves
 + Level 0.9 Slings
 + Level 0.9 Bows
 + Level 0.9 Crossbows
 + Level 2.6 Throwing
 + Level 2.6 Armour
 + Level 4.5 Dodging
 + Level 0.9 Stealth
 + Level 0.9 Shields
 + Level 0.9 Unarmed Combat
 + Level 5.0 Spellcasting
 + Level 0.6 Conjurations
 + Level 0.6 Hexes
 + Level 0.6 Summonings
 + Level 0.6 Necromancy
 + Level 5.4 Translocations
 + Level 0.6 Transmutations
 + Level 0.6 Fire Magic
 + Level 0.6 Ice Magic
 + Level 0.6 Air Magic
 + Level 0.6 Earth Magic
 + Level 0.6 Poison Magic
 + Level 1.0 Invocations
 + Level 0.9 Evocations


You had 10 spell levels left.
You knew the following spells:

 Your Spells              Type           Power      Damage    Failure   Level
a - Blink                 Tloc           32%        N/A       4%          2

Your spell library contained the following spells:

 Spells                   Type           Power      Damage    Failure   Level
 Gell's Gravitas          Tloc           16%        N/A       9%          3
 Lesser Beckoning         Tloc           16%        N/A       9%          3
 Teleport Other           Tloc           16%        N/A       9%          3
 Sublimation of Blood     Necr           4%         N/A       30%         2
 Wereblood                Tmut           4%         N/A       30%         2
 Manifold Assault         Tloc           16%        N/A       58%         5
 Storm Form               Tmut/Air       2%         N/A       100%        7
 Summon Hydra             Summ           2%         N/A       100%        7


Dungeon Overview and Level Annotations

Branches:
Dungeon (2/15)

Altars:
Qazlal


Innate Abilities, Weirdness & Mutations

You have very sharp teeth.
Your uncanny sense of smell can sniff out nearby items.
Your experience applies equally to all skills.


Message History

The gnoll is lightly wounded.
The gnoll misses you.
You slash the gnoll!
The gnoll is severely wounded.
The gnoll barely misses you.
You hit the gnoll.
The gnoll is almost dead.
The gnoll hits you with a +0 whip.
You barely miss the gnoll.
The gnoll is almost dead.
The gnoll closely misses you.
You hit the gnoll but do no damage.
The gnoll is almost dead.
The gnoll closely misses you.
You barely miss the gnoll. You bite the gnoll.
You kill the gnoll!
Qazlal accepts your kill.
Your Invocations skill increases to level 1!
You hit the gnoll.
You kill the gnoll!
Qazlal accepts your kill.
You hit the gnoll.
The gnoll is lightly wounded.
The gnoll hits you with a +0 whip!
You hit the gnoll.
The gnoll is moderately wounded.
The gnoll hits you with a +0 whip.
You hit the gnoll. You bite the gnoll, but do no damage.
The gnoll is moderately wounded.
The gnoll barely misses you.
It was a potion of brilliance.
You feel clever all of a sudden. The gnoll hits you with a +0 whip.
* * * LOW HITPOINT WARNING * * *
It was a potion of cancellation.
Your magical effects are unravelling.
You feel magically purged.
You feel a little less clever now. The gnoll hits you with a +0 whip!
You die...

#.#.#####.............#
#.....).....#####+#....
###.#####.###........
#.#.....# #........
#.##.#### #........
#.##.## #.....g..
#.....# #........
####..######.......#
##..).....@gg.......+
#......######....?..#
#......##############
#...............########
#......................#
#......................#
#......#######.........#
###
#............+.........#
#.#
##+##.########.........#


You could see 2 gnolls.

Vanquished Creatures
  An adder (D:2)
  2 gnolls (D:2)
  2 endoplasms
  A giant cockroach (D:2)
  A goblin (D:2)
  2 hobgoblins (D:1)
  A quokka (D:1)
  A ball python (D:1)
  4 frilled lizards
  4 kobolds
  2 rats
21 creatures vanquished.

Notes
Turn   | Place    | Note
-------+----------+-------------------------------------------
     0 | D:1      | Ayyar the Gnoll Warper began the quest for the Orb.
     0 | D:1      | Reached XP level 1. HP: 20/20 MP: 6/6
   375 | D:1      | Found a faded altar of an unknown god.
   378 | D:1      | Prayed at the altar of an unknown god.
   378 | D:1      | Became a worshipper of Qazlal Stormbringer
   378 | D:1      | Reached * piety under Qazlal
   660 | D:1      | Reached XP level 2. HP: 26/26 MP: 7/7
  1048 | D:2      | Learned a level 2 spell: Blink
  1222 | D:2      | Reached skill level 5 in Spellcasting
  1222 | D:2      | Reached XP level 3. HP: 29/31 MP: 7/9
  1317 | D:2      | Reached skill level 1 in Invocations
  1322 | D:2      | Slain by a gnoll

Illustrated notes

Levels and vault maps discovered:
D:1:      dpeg_arrival_circle_labyrinth_a, layout_loops_ring,
          hellmonk_ecumenical_altar_inner_sanctum,
          chequers_serial_rivers_micro_e
D:2:      layout_basic

Skill      XL: |  1  2  3 |
---------------+----------+-----
Spellcasting   | 5 |  5.0
Invocations    | 1 |  1.0
Fighting       | |  4.5
Short Blades   | |  0.9
Long Blades    | |  0.9
Axes           | |  4.5
Maces & Flails | |  0.9
Polearms       | |  0.9
Staves         | |  0.9
Slings         | |  0.9
Bows           | |  0.9
Crossbows      | |  0.9
Throwing       | |  2.6
Armour         | |  2.6
Dodging        | |  4.5
Stealth        | |  0.9
Shields        | |  0.9
Unarmed Combat | |  0.9
Conjurations   | |  0.6
Hexes          | |  0.6
Summonings     | |  0.6
Necromancy     | |  0.6
Translocations | |  5.4
Transmutations | |  0.6
Fire Magic     | |  0.6
Ice Magic      | |  0.6
Air Magic      | |  0.6
Earth Magic    | |  0.6
Poison Magic   | |  0.6
Evocations     | |  0.9

Action                   || total
-------------------------++-------
Melee: Hand axe          ||    57
       Bite              ||     6
  Use: Potion            ||     2
Armor: Leather armour    ||     7
Dodge: Dodged            ||    30
Block: Other             ||     1
